 Dungeon Crawl Stone Soup version 0.18.1-6-gd335043 (webtiles) character file.

44687 Scarto the Protected (level 14, -2/82 HPs)
             Began as a Gargoyle Fighter on May 19, 2016.
             Was the Champion of Makhleb.
             Slain by a salamander stormcaller
             ... wielding a +0 glaive
              (27 damage)
             ... on level 15 of the Dungeon.
             The game lasted 00:39:08 (13405 turns).

Scarto the Protected (Gargoyle Fighter)            Turns: 13405, Time: 00:39:08

Health: -2/82      AC: 36    Str: 31    XL:     14   Next: 29%
Magic:  21/21      EV: 10    Int: 13    God:    Makhleb [******]
Gold:   844        SH: 17    Dex: 12    Spells: 0 memorised, 13 levels left

rFire  . . .     SeeInvis .     u - +11 mace of the Shallot {flame, MR+}
rCold  . . .     Gourm    .     n - +2 plate armour
rNeg   + . .     Faith    .     c - +0 shield
rPois  ∞         Spirit   .     (helmet restricted)
rElec  +         Dismiss  .     P - +2 cloak
rCorr  .         Reflect  +     I - +1 pair of gloves {Str+3}
SustAt .         Harm     .     (no boots)
MR     ++...                    z - +3 amulet of reflection
Stlth  ..........               N - +2 ring of protection
                                t - ring of the Country {Int+3 Dex+3 Slay+3}

@: very resistant to hostile enchantments, extremely unstealthy
A: big wings, claws 1, horns 1, repulsion field 1, icy blue scales 1, frail 1,
negative energy resistance 1, sense surroundings 1, electricity resistance,
strong 2, wild magic 2, unbreathing, evolution 1, petrification resistance, rot
immunity, MP-powered wands, AC +9
a: Fly, Minor Destruction, Lesser Servant of Makhleb, Major Destruction, Greater
Servant of Makhleb, Renounce Religion


You were on level 15 of the Dungeon.
You worshipped Makhleb.
Makhleb was exalted by your worship.
You were not hungry.

You visited 1 branch of the dungeon, and saw 15 of its levels.
You visited 1 bazaar.
You also visited: Bailey.

You collected 1381 gold pieces.
You spent 537 gold pieces at shops.

Inventory:

Hand Weapons
 u - the +11 mace of the Shallot (weapon) {flame, MR+}
   (You bought it in a shop in a bazaar)

   It has been specially enchanted to burn those struck by it, causing extra
   injury to most foes and up to half again as much damage against particularly
   susceptible opponents.
   It affects your resistance to hostile enchantments.
Missiles
 E - 64 tomahawks of returning (quivered)
Armour
 c - a +0 shield (worn)
 n - a +2 plate armour (worn)
 I - a +1 pair of gloves of strength (worn)
 P - a +2 cloak (worn)
Jewellery
 t - the ring of the Country (left hand) {Int+3 Dex+3 Slay+3}
   (You found it on level 8 of the Dungeon)

   [ring of intelligence]

   It affects your intelligence (+3).
   It affects your dexterity (+3).
   It affects your accuracy and damage with ranged weapons and melee attacks
   (+3).
 x - an uncursed ring of positive energy
 z - a +3 amulet of reflection (around neck)
 N - a +2 ring of protection (right hand)
Scrolls
 g - a scroll of immolation
 l - 3 scrolls of recharging
 m - 7 scrolls of remove curse
 p - a scroll of amnesia
 B - a scroll of fear
 M - 5 scrolls of identify
 O - a scroll of teleportation
Potions
 e - 3 potions of haste
 h - 2 potions of cancellation
 o - 2 potions of cure mutation
 r - a potion of flight
 v - 18 potions of curing
 w - a potion of might
 G - a potion of berserk rage
 K - 6 potions of magic
 L - 2 potions of heal wounds
Books
 b - the Guide on Stones
   (You found it on level 15 of the Dungeon)

   Spells                             Type                      Level
   a - Sandblast                      Earth                        1
   b - Passwall                       Transmutation/Earth          2
   c - Petrify                        Transmutation/Earth          4
   d - Bolt of Magma                  Conjuration/Fire/Earth       5
   e - Statue Form                    Transmutation/Earth          6
Comestibles
 f - 3 bread rations
 j - 2 royal jellies
 k - a slice of pizza
 q - 5 meat rations
 C - 7 fruits
 H - 2 beef jerkies


   Skills:
 + Level 12.5 Fighting
   Level 10.6 Axes
 + Level 2.0(7.6) Maces & Flails
 + Level 12.6 Armour
 + Level 12.5 Shields
 + Level 10.6 Invocations


You had 13 spell levels left.
You didn't know any spells.

Dungeon Overview and Level Annotations

Branches:
Dungeon (15/15)            Temple (0/1) D:6            Lair (0/8) D:9
    Orc (0/2) D:10         Vaults (0/5) D:14
 Depths: D:15

Altars:
Ashenzari
Dithmenos
Makhleb
Ru
Trog
Xom

Shops:
D:7 [   D:11 !   D:15 *=*[

Portals:
Trove: D:11 (show abyssal rune of Zot)


Innate Abilities, Weirdness & Mutations

You are resistant to torment.
Your stone body is resilient (AC +9).
You are immune to poison.
Your large and strong wings let you fly indefinitely.
You resist negative energy.
You are resistant to electric shocks.
You can survive without breathing.
You are immune to petrification.
You are immune to rotting.
You have sharp fingernails.
You have a pair of small horns on your head.
You are surrounded by a mild repulsion field (EV +2).
You are partially covered in icy blue scales (AC +1).
You are frail (-10% HP).
You passively map a small area around you.
Your muscles are very strong. (Str +4)
Your spells are harder to cast, but more powerful.
You evolve.
You expend magic power (3 MP) to strengthen your wands.


Message History

The salamander stormcaller hits you but does no damage.
You sock the salamander stormcaller!
The salamander stormcaller is lightly wounded.
Your plate armour prevents you from hitting the salamander stormcaller.
Your headbutt misses the salamander stormcaller.
The salamander stormcaller is lightly wounded.
You block the salamander stormcaller's attack.
You closely miss the salamander stormcaller.
The salamander stormcaller is lightly wounded.
You block the salamander stormcaller's attack.
You sock the salamander stormcaller!
The salamander stormcaller is moderately wounded.
The salamander stormcaller hits you with a glaive!
You are engulfed in flames!!
You bludgeon the salamander stormcaller!!
Your headbutt misses the salamander stormcaller.
The salamander stormcaller is heavily wounded.
The salamander stormcaller hits you with a glaive!
You are engulfed in flames!!
You die...

########.#≈≈.≈≈# #..####....###.
#.##≈.≈## #..# #∩.∩.# #. #.##..##
#..# ###### #.
########.##.#######..# #.
.....................###########.
.................................
###########..######'#############
###########..#...#...#...#
.............#.N@'...'...########
.............#...#...#)..#.......
.............##+#######'##......#
###..........# #...#...#####..#
#..........# ,,#...'...# #..#
#..........#, #[.)#...#####..#
###..........# + #########......#
.............# * , #.......
.............#,, + , #.......


You could see a salamander stormcaller.

Vanquished Creatures
  Agnes (D:15)
  An ettin (D:15)
  A yaktaur captain (D:15)
  A rakshasa (D:14)
  8 vault guards (D:14)
  The ghost of Liquid the Unseen, a journeyman NaGl of Makhleb (Bailey)
  An ogre mage (D:12)
  2 hydras
  A ghost crab (shapeshifter) (D:13)
  A death knight (D:14)
  A catoblepas (D:14)
  2 centaur warriors
  A fire crab (D:14)
  3 unseen horrors
  5 hill giants
  An orc knight (Bailey)
  11 ugly things
  2 deep elf magi (D:14)
  4 cyclopes
  A manticore (D:14)
  A griffon (D:15)
  A guardian serpent (shapeshifter) (D:15)
  2 gargoyles
  A freezing wraith (D:15)
  2 yaktaurs
  A kobold demonologist (D:11)
  3 centaur skeletons
  3 trolls
  4 slime creatures
  A two-headed ogre (D:12)
  A spriggan (D:7)
  3 vampires
  A shadow (D:11)
  6 yaks (D:13)
  3 hippogriffs
  2 hungry ghosts
  3 vampire mosquitoes (D:15)
  2 wargs (shapeshifter) (D:11)
  2 soldier ants
  2 wargs (D:9)
  A water moccasin (D:7)
  3 black bears
  2 ice beasts
  5 orc warriors
  2 wasps
  A boggart (D:14)
  An eye of draining (D:9)
  4 sky beasts
  9 ogres
  6 centaurs
  4 big kobolds
  10 giant frogs
  A wyvern zombie (D:10)
  A wyvern skeleton (D:11)
  5 scorpions
  A water moccasin skeleton (D:11)
  18 killer bees
  9 wights
  8 crimson imps
  5 centaur zombies
  2 giant frog zombies
  A quasit (D:11)
  4 jellies
  4 orc priests
  3 giant frog skeletons
  5 hounds
  15 orc wizards
  A gnoll shaman (D:6)
  3 iguanas
  8 worker ants
  A hound zombie (D:11)
  2 hound skeletons
  A worker ant zombie (D:10)
  21 gnolls
  7 adders
  4 shadow imps
  2 adder skeletons
  5 worms
  A worm (shapeshifter) (D:12)
  2 giant geckos
  44 orcs
  A ball python (D:9)
  3 giant cockroaches
  4 goblins
  16 hobgoblins
  8 jackals
  7 quokkas
  8 bats
  5 giant newts
  A jackal zombie (D:5)
  38 kobolds
  6 rats
422 creatures vanquished.

Vanquished Creatures (collateral kills)
  An unseen horror (D:13)
1 creature vanquished.

Vanquished Creatures (others)
  A griffon (D:14)
  A slime creature (D:10)
  A centaur (D:14)
  4 kobolds
7 creatures vanquished.

Grand Total: 430 creatures vanquished

Notes
Turn   | Place    | Note
--------------------------------------------------------------
     0 | D:1      | Scarto the Gargoyle Fighter began the quest for the Orb.
     0 | D:1      | Reached XP level 1. HP: 14/14 MP: 1/1
   285 | D:1      | Reached XP level 2. HP: 17/19 MP: 2/2
   929 | D:2      | Reached XP level 3. HP: 23/23 MP: 3/3
  1189 | D:2      | Reached XP level 4. HP: 29/29 MP: 4/4
  1293 | D:2      | Found a burning altar of Makhleb.
  1305 | D:2      | Became a worshipper of Makhleb the Destroyer
  1642 | D:3      | Reached XP level 5. HP: 32/33 MP: 5/5
  2094 | D:3      | Reached * piety under Makhleb
  2410 | D:4      | Found a bloodstained altar of Trog.
  2410 | D:4      | Found a burning altar of Makhleb.
  2668 | D:4      | Reached XP level 6. HP: 31/39 MP: 6/6
  3153 | D:5      | Entered Level 5 of the Dungeon
  3551 | D:5      | Reached skill level 5 in Shields
  3995 | D:6      | Reached skill level 5 in Fighting
  3995 | D:6      | Reached skill level 5 in Armour
  3995 | D:6      | Reached XP level 7. HP: 44/44 MP: 7/7
  4073 | D:6      | Reached ** piety under Makhleb
  4165 | D:6      | Found a staircase to the Ecumenical Temple.
  4303 | D:6      | Reached XP level 8. HP: 51/51 MP: 8/8
  5014 | D:7      | Noticed a spriggan baker
  5036 | D:7      | Reached skill level 5 in Axes
  5072 | D:7      | Killed a spriggan baker
  5084 | D:7      | Reached XP level 9. HP: 56/56 MP: 9/9
  5715 | D:7      | Found Suyrghasi's Armour Boutique.
  5936 | D:8      | Reached skill level 1 in Invocations
  5965 | D:8      | Reached *** piety under Makhleb
  6207 | D:8      | Got a scorched platinum ring
  6209 | D:8      | Identified the ring of the Country {Int+3 Dex+3 Slay+3} (You found it on level 8 of the Dungeon)
  6568 | D:9      | Found a shattered altar of Ashenzari.
  6683 | D:9      | Noticed a cyclops
  6693 | D:9      | Killed a cyclops
  6693 | D:9      | Reached XP level 10. HP: 64/64 MP: 12/12
  6724 | D:9      | Found a staircase to the Lair.
  6800 | D:9      | Found a sacrificial altar of Ru.
  6812 | D:9      | Reached **** piety under Makhleb
  7286 | D:10     | Entered Level 10 of the Dungeon
  7352 | D:10     | Noticed a hill giant
  7352 | D:10     | a slime creature changed into a hill giant
  7361 | D:10     | Killed a hill giant
  7395 | D:10     | Found a staircase to the Orcish Mines.
  7478 | D:10     | Found a flagged portal.
  7529 | Bailey   | Entered a bailey
  7578 | Bailey   | Noticed Liquid's ghost (journeyman NaGl)
  7600 | Bailey   | Reached ***** piety under Makhleb
  7614 | Bailey   | Noticed an orc knight
  7704 | Bailey   | Killed Liquid's ghost
  7704 | Bailey   | Reached skill level 5 in Invocations
  7704 | Bailey   | Reached XP level 11. HP: 71/71 MP: 14/14
  7772 | Bailey   | Killed an orc knight
  7902 | D:10     | You fall through a shaft for 2 floors!
  7924 | D:12     | Noticed an ogre mage
  7932 | D:12     | Paralysed by an ogre mage for 6 turns
  7962 | D:12     | Killed an ogre mage
  7988 | D:12     | Gained mutation: Your magical capacity is low (-10% MP). [mutagenic meat]
  8328 | D:10     | Noticed a hill giant
  8343 | D:10     | Killed a hill giant
  8638 | D:11     | Reached skill level 10 in Shields
  8785 | D:11     | Noticed a sixfirhy
  8786 | D:11     | Noticed a sixfirhy
  8795 | D:11     | Reached skill level 10 in Fighting
  8927 | D:11     | Noticed a purple ugly thing
  8932 | D:11     | Reached skill level 10 in Armour
  8938 | D:11     | Killed a purple ugly thing
  8942 | D:11     | Gained mutation: You are dopey. (Int -2) [mutagenic meat]
  8960 | D:11     | Lost mutation: Your magical capacity is low (-10% MP). [potion of cure mutation]
  8960 | D:11     | Lost mutation: You are dopey. (Int -2) [potion of cure mutation]
  9005 | D:11     | Noticed a green ugly thing
  9017 | D:11     | Killed a green ugly thing
  9073 | D:11     | Found Boyrixt's Distillery.
  9097 | D:11     | Reached XP level 12. HP: 77/77 MP: 17/17
  9206 | D:11     | Reached ****** piety under Makhleb
  9227 | D:11     | Bought a potion of curing for 42 gold pieces
  9227 | D:11     | Bought a potion of heal wounds for 70 gold pieces
  9227 | D:11     | Bought a potion of mutation for 35 gold pieces
  9227 | D:11     | Bought a potion of curing for 42 gold pieces
  9227 | D:11     | Bought a potion of curing for 42 gold pieces
  9227 | D:11     | Bought a potion of curing for 42 gold pieces
  9344 | D:11     | Found a portal to a secret trove of treasure.
  9345 | D:11     | Gained mutation: You evolve. [potion of mutation]
  9345 | D:11     | Gained mutation: You are partially covered in icy blue scales (AC +1). [potion of mutation]
  9345 | D:11     | Gained mutation: You are frail (-10% HP). [potion of mutation]
  9499 | D:12     | HP: 2/69 [enormous slime creature (67)]
 10432 | D:13     | Found a shimmering altar of Xom.
 10440 | D:13     | Found a shimmering altar of Xom.
 10441 | D:13     | Found a shimmering altar of Xom.
 10442 | D:13     | Found a shimmering altar of Xom.
 10443 | D:13     | Found a shimmering altar of Xom.
 10444 | D:13     | Found a shimmering altar of Xom.
 10489 | D:13     | Noticed a ghost crab
 10501 | D:13     | Killed a ghost crab
 10672 | D:13     | Gained mutation: Your muscles are strong. (Str +2) [potion of beneficial mutation]
 10735 | D:13     | Lost mutation: You are frail (-10% HP). [potion of mutation]
 10735 | D:13     | Gained mutation: You are frail (-10% HP). [potion of mutation]
 11099 | D:14     | Gained mutation: Your spells are a little harder to cast, but a little more powerful. [potion of beneficial mutation]
 11168 | D:14     | Found a shadowy altar of Dithmenos.
 11186 | D:14     | Noticed a catoblepas
 11222 | D:14     | Gained mutation: Your spells are harder to cast, but more powerful. [mutagenic meat]
 11224 | D:14     | Gained mutation: You passively map a small area around you. [mutagenic meat]
 11227 | D:14     | Gained mutation: Your body sometimes deteriorates upon taking damage. [mutagenic meat]
 11228 | D:14     | Gained mutation: You expend magic power (3 MP) to strengthen your wands. [mutagenic meat]
 11229 | D:14     | Gained mutation: Your muscles are very strong. (Str +4) [mutagenic meat]
 11230 | D:14     | Gained mutation: You have a pair of small horns on your head. [mutagenic meat]
 11249 | D:14     | Noticed a vault guard
 11251 | D:14     | Noticed a vault guard
 11252 | D:14     | Killed a catoblepas
 11253 | D:14     | Noticed a vault guard
 11255 | D:14     | Killed a vault guard
 11255 | D:14     | Reached XP level 13. HP: 75/75 MP: 19/19
 11258 | D:14     | Noticed a vault guard
 11260 | D:14     | Noticed a vault guard
 11262 | D:14     | Noticed a vault guard
 11264 | D:14     | Noticed a vault guard
 11267 | D:14     | Killed a vault guard
 11277 | D:14     | Noticed a vault guard
 11282 | D:14     | Killed a vault guard
 11289 | D:14     | Killed a vault guard
 11296 | D:14     | Killed a vault guard
 11302 | D:14     | Killed a vault guard
 11307 | D:14     | Killed a vault guard
 11321 | D:14     | Killed a vault guard
 11417 | D:14     | Found a gate to the Vaults.
 11497 | D:14     | Reached skill level 10 in Axes
 11902 | D:14     | Got a jewelled chain mail
 11913 | D:14     | Identified the cursed +0 chain mail of the Evening {*Corrode rC+ Dex+3} (You found it on level 14 of the Dungeon)
 12183 | D:14     | Noticed a rakshasa
 12242 | D:14     | Killed a rakshasa
 12242 | D:14     | Reached skill level 10 in Invocations
 12309 | D:14     | Lost mutation: Your body sometimes deteriorates upon taking damage. [mutagenic meat]
 12474 | D:14     | Gained mutation: Your large and strong wings let you fly indefinitely. [Gargoyle growth]
 12474 | D:14     | Reached XP level 14. HP: 80/82 MP: 21/21
 12511 | D:15     | Entered Level 15 of the Dungeon
 12561 | D:15     | Found Leityciw's Antique Armour Shoppe.
 12606 | D:15     | Found Buenejae's Assorted Antiques.
 12619 | D:15     | Found Teahuh's Jewellery Shop.
 12684 | D:15     | Found Tifyisma's General Store.
 12700 | D:15     | Noticed Agnes
 12716 | D:15     | Killed Agnes
 12926 | D:15     | Found a flickering gateway to a bazaar.
 12935 | Bazaar   | Entered a bazaar
 12949 | Bazaar   | Found Naillaso's Food Shoppe.
 12949 | Bazaar   | Found Jaggulej's Antique Weapon Shoppe.
 12985 | Bazaar   | Found Neomirch's Book Emporium.
 12985 | Bazaar   | Found Rof Ock's Antique Weapon Emporium.
 13032 | Bazaar   | Bought a dazzling mace for 264 gold pieces
 13032 | Bazaar   | Identified the +11 mace of the Shallot {flame, MR+} (You bought it in a shop in a bazaar)
 13152 | D:15     | Reached skill level 1 in Maces & Flails
 13374 | D:15     | Gained mutation: You are surrounded by a mild repulsion field (EV +2). [mutagenic meat]
 13375 | D:15     | Gained mutation: You have sharp fingernails. [mutagenic meat]
 13384 | D:15     | Identified the Guide on Stones
 13387 | D:15     | Got a crystal lajatang
 13388 | D:15     | Identified the cursed +0 lajatang of Equivalence {drain, +Rage Str+10 Int-3 Dex+4} (You found it on level 15 of the Dungeon)
 13398 | D:15     | Noticed a salamander stormcaller
 13405 | D:15     | Slain by a salamander stormcaller

Skill      XL: |  1  2  3  4  5  6  7  8  9 10 11 12 13 14 |
---------------+-------------------------------------------+-----
Axes           | 2 3 4 5 6 7 8 9 10 | 10.6
Shields        | 4 5 7 8 9 10 11 12 | 12.5
Fighting       | 4 5 6 8 9 10 11 12 | 12.5
Armour         | 4 5 6 8 9 10 11 12 | 12.6
Invocations    | 3 5 7 8 10 | 10.6
Maces & Flails | 2 |  2.0

Action                   |  1- 3 |  4- 6 |  7- 9 | 10-12 | 13-15 || total
-------------------------+-------+-------+-------+-------+-------++-------
Melee: War axe           |   128 |   294 |   521 |   652 |   244 ||  1839
       Headbutt          |       |       |       |     4 |   110 ||   114
       Flail             |       |       |       |       |    35 ||    35
       Mace              |       |       |       |       |    45 ||    45
Throw: Tomahawk          |       |       |       |    36 |     9 ||    45
Invok: Minor Destruction |       |       |     2 |       |       ||     2
       Lesser Servant of |       |       |       |     1 |       ||     1
  Use: Scroll            |       |     6 |    11 |     6 |     5 ||    28
       Potion            |       |     1 |    12 |     9 |     2 ||    24
 Stab: Paralysed         |       |       |       |     7 |     3 ||    10
       Invisible         |       |       |       |     1 |       ||     1
       Petrified         |       |       |       |     3 |       ||     3
       Petrifying        |       |       |       |     2 |       ||     2
  Eat: Chunk             |       |     5 |       |    15 |     4 ||    24
       Bread ration      |       |     2 |     2 |     7 |     1 ||    12
Armor: Scale mail        |    15 |       |       |       |       ||    15
       Plate armour      |    89 |   251 |   402 |   521 |   357 ||  1620
       Skin              |       |       |    11 |       |       ||    11
Dodge: Dodged            |    32 |    65 |   104 |   172 |    75 ||   448
Block: Shield            |    69 |   214 |   465 |   602 |   292 ||  1642
       Reflection        |       |       |     5 |    38 |    24 ||    67
